 Dungeon Crawl Stone Soup version 0.28-a0-834-g1a73be5ee4 (webtiles) character file.

Game seed: 13178558513391137850

653 pokeman the Thaumaturge (level 7, -1/38 HPs)
             Began as a Deep Elf Hedge Wizard on Nov 11, 2021.
             Slain by a gnoll sergeant (9 damage)
             ... on level 4 of the Dungeon.
             The game lasted 00:12:06 (4793 turns).

pokeman the Thaumaturge (Deep Elf Hedge Wizard)     Turns: 4793, Time: 00:12:08

Health: -1/38      AC:  3    Str:  7    XL:     7   Next: 29%
Magic:  5/20       EV: 13    Int: 21    God:
Gold:   158        SH:  0    Dex: 14    Spells: 11/22 levels left

rFire   . . .      SeeInvis .   s - +2 mace (vorpal)
rCold   . . .      Faith    .   (no shield)
rNeg    . . .      Spirit   .   b - +0 robe
rPois   .          Reflect  .   c - +0 hat
rElec   .          Harm     .   (no cloak)
rCorr   .          Rampage  .   k - +0 pair of gloves
Will    .....                   (no boots)
Stlth   +++.......              (no amulet)
HPRegen 0.12/turn               (no ring)
MPRegen 0.17/turn               (no ring)

@: no status effects
A: no striking features
a: no special abilities


You were on level 4 of the Dungeon.
You visited 1 branch of the dungeon, and saw 4 of its levels.

You collected 158 gold pieces.

Inventory:

Hand Weapons
 s - a +2 vorpal mace (weapon)
Missiles
 e - 27 poisoned darts (quivered)
 f - 63 arrows
 j - 16 bolts
Armour
 b - a +0 robe (worn)
 c - a +0 hat (worn)
 k - a +0 pair of gloves (worn)
 t - the +0 ring mail of the Moon Troll {rPois Str+3 Dex-5 Stlth+}
   (You found it on level 4 of the Dungeon)

   Str:       It affects your strength (+3).
   Dex:       It affects your dexterity (-5).
   rPois:     It protects you from poison.
   Stlth:     It makes you more stealthy.
Jewellery
 o - an amulet of guardian spirit
Wands
 d - a wand of polymorph (3)
Scrolls
 g - 3 scrolls of identify {unknown}
 h - 3 scrolls of blinking {unknown}
 l - 2 scrolls of enchant weapon {unknown}
 m - a scroll of teleportation {unknown}
 n - 3 scrolls of fear {unknown}
 u - a scroll of immolation {unknown}
 v - a scroll of enchant armour {unknown}
Potions
 a - a potion of invisibility {unknown}
 i - a potion of lignification {unknown}
 p - a potion of might {unknown}
 q - a potion of curing
 r - 2 potions of brilliance {unknown}
 w - a potion of resistance {unknown}


   Skills:
 + Level 1.1 Fighting
 - Level 1.0 Armour
 - Level 3.0 Dodging
 - Level 4.1 Stealth
 * Level 8.0 Spellcasting
 + Level 3.8 Conjurations
 - Level 1.1 Summonings
 - Level 1.1 Translocations
 - Level 1.0 Fire Magic
 - Level 2.1 Air Magic
 - Level 1.0 Poison Magic
 + Level 0.5 Evocations


You had 11 spell levels left.
You knew the following spells:

 Your Spells              Type           Power      Damage    Failure   Level
a - Magic Dart            Conj           96%        1d7       1%          1
b - Mephitic Cloud        Conj/Pois/Air  18%        N/A       9%          3
c - Call Imp              Summ           13%        N/A       8%          2
d - Blink                 Tloc           26%        N/A       8%          2
e - Conjure Flame         Conj/Fire      18%        6-21      9%          3

Your spell library contained the following spells:

 Spells                   Type           Power      Damage    Failure   Level
 Slow                     Hex            32%        N/A       8%          1


Dungeon Overview and Level Annotations

Branches:
Dungeon (4/15)
 Temple: D:4-7

Altars:


Message History

* * * LOW HITPOINT WARNING * * *
The hobgoblin misses you.
Casting: Conjure Flame (dangerous; 9% risk of failure)
Confirm with . or Enter, or press ? or * to list all spells.
You don't know that spell.
Unknown command.
Casting: Conjure Flame (dangerous; 9% risk of failure)
Confirm with . or Enter, or press ? or * to list all spells.
A shadowy apparition takes form in the air.
The hobgoblin barely misses you. The ball python bites your shadow imp.
The ball python barely misses your shadow imp.
The hobgoblin misses your shadow imp.
Your shadow imp hits the hobgoblin.
The hobgoblin misses your shadow imp.
Your shadow imp barely misses the hobgoblin.
The hobgoblin closely misses your shadow imp.
Your magical contamination has completely faded away.
Casting: Call Imp (safe; 8% risk of failure)
Confirm with . or Enter, or press ? or * to list all spells.
Aiming: Magic Dart (safe; 1% risk of failure)
Press: ? - help, Shift-Dir - straight line, f - ball python
Aim: a ball python (100% to hit)
The magic dart hits the ball python.
The ball python is moderately wounded.
Your shadow imp closely misses the hobgoblin.
The ball python bites you.
* * * LOW HITPOINT WARNING * * *
The ball python closely misses you.
Casting: Magic Dart (safe; 1% risk of failure)
Confirm with . or Enter, or press ? or * to list all spells.
Aiming: Magic Dart (safe; 1% risk of failure)
Press: ? - help, Shift-Dir - straight line, f/p - ball python
Aim: a ball python (moderately wounded, 100% to hit)
The magic dart hits the ball python.
The ball python is severely wounded.
Your shadow imp hits the hobgoblin.
The ball python bites you.
* * * LOW HITPOINT WARNING * * *
The ball python misses you.
The gnoll sergeant hits you from afar with a +0 spear!
You die...

###.#########.# ....#
#.######## ##..#
#......... #..#
######..#######
#..####..........#
#.............##.#
##.#..#.#.#.#..#.#
#.#.............########
#....#.#.#.#.>@........#
###.............S#######.#
.......#.#.#.#.g#######
#####..†......5.......#
...##..#.#.#.#..#####.#
.#)##...........#
.#.##.#####...#.##
.#†##...........)#
....#.#######.#..#


You could see a gnoll sergeant, a ball python and a friendly shadow imp
(summoned).

Vanquished Creatures
  Grinder (D:3)
  Edmund (D:4)
  A bullfrog (D:4)
  A bullfrog skeleton (D:4)
  Natasha (thrice) (D:2)
  A hound skeleton (D:4)
  3 gnolls (D:4)
  8 adders
  An adder skeleton (D:4)
  A worm (D:3)
  2 dart slugs
  9 ball pythons
  8 bats
  5 endoplasms
  4 giant cockroaches
  5 hobgoblins
  7 kobolds
  2 quokkas
  4 frilled lizards
  5 goblins
  3 rats (D:3)
75 creatures vanquished.

Notes
Turn   | Place    | Note
-------+----------+-------------------------------------------
     0 | D:1      | pokeman the Deep Elf Hedge Wizard began the quest for the
                  | Orb.
     0 | D:1      | Reached XP level 1. HP: 10/10 MP: 7/7
   255 | D:1      | Reached XP level 2. HP: 16/16 MP: 2/9
   975 | D:2      | Reached skill level 5 in Spellcasting
   975 | D:2      | Reached XP level 3. HP: 20/20 MP: 5/11
   979 | D:2      | Learned a level 3 spell: Mephitic Cloud
   982 | D:2      | Learned a level 2 spell: Call Imp
   985 | D:2      | Learned a level 2 spell: Blink
   989 | D:2      | Learned a level 3 spell: Conjure Flame
  1629 | D:2      | Reached skill level 1 in Fighting
  1629 | D:2      | Reached skill level 1 in Armour
  1723 | D:2      | Noticed Natasha
  1742 | D:2      | Killed Natasha
  1743 | D:2      | Reached XP level 4. HP: 24/25 MP: 1/13
  1753 | D:2      | Noticed Natasha
  1804 | D:2      | Killed Natasha
  1905 | D:2      | Reached skill level 1 in Fire Magic
  2288 | D:3      | Found a faded altar of an unknown god.
  2374 | D:3      | Reached skill level 6 in Spellcasting
  2541 | D:3      | Reached XP level 5. HP: 29/29 MP: 13/15
  2803 | D:3      | Noticed Grinder
  2819 | D:3      | Paralysed by Grinder for 2 turns
  2826 | D:3      | Paralysed by Grinder for 7 turns
  3455 | D:3      | Paralysed by Grinder for 6 turns
  3575 | D:2      | Noticed Natasha
  3587 | D:2      | Killed Natasha
  3713 | D:3      | Paralysed by Grinder for 4 turns
  3722 | D:3      | Killed Grinder
  3723 | D:3      | Reached skill level 7 in Spellcasting
  3723 | D:3      | Reached skill level 1 in Air Magic
  3723 | D:3      | Reached XP level 6. HP: 8/34 MP: 0/18
  4304 | D:4      | Identified the +0 ring mail of the Moon Troll {rPois Str+3
                  | Dex-5 Stlth+}
  4561 | D:4      | Noticed Edmund
  4572 | D:4      | Killed Edmund
  4573 | D:4      | Reached skill level 1 in Poison Magic
  4573 | D:4      | Reached XP level 7. HP: 24/38 MP: 12/20
  4768 | D:4      | Reached skill level 8 in Spellcasting
  4793 | D:4      | Slain by a gnoll sergeant

Illustrated notes

Levels and vault maps discovered:
D:1:      dpeg_arrival_three_same_balls, layout_basic
D:2:      layout_basic, minivault_25, uniq_natasha
D:3:      layout_basic, shapermc_ecumenical_altar_starsandcircs, uniq_grinder
D:4:      layout_loops_ring, serial_glass, glass_columns_b, glass_columns_c,
          glass_columns_c, glass_columns_b, glass_columns_c, glass_columns_a,
          eino_small_chamber_without_monster, minmay_ruined_shrine,
          uniq_crazy_yiuf_cottage, uniq_menkaure, uniq_edmund

Skill      XL: |  1  2  3  4  5  6  7 |
---------------+----------------------+-----
Spellcasting   | 5 6 7 8 |  8.0
Fighting       | 1 |  1.1
Armour         | 1 |  1.0
Conjurations   | 2 3 |  3.8
Fire Magic     | 1 |  1.0
Dodging        | 3 |  3.0
Stealth        | 3 4 |  4.1
Air Magic      | 1 2 |  2.1
Poison Magic   | 1 |  1.0
Summonings     | |  1.1
Translocations | |  1.1
Evocations     | |  0.5

Action                   |  1- 3 |  4- 6 |  7- 9 || total
-------------------------+-------+-------+-------++-------
Melee: Spear             |     6 |     4 |       ||    10
       Mace              |       |    12 |     8 ||    20
 Cast: Magic Dart        |    95 |   113 |    21 ||   229
       Mephitic Cloud    |     1 |     4 |     1 ||     6
       Conjure Flame     |       |     6 |     1 ||     7
       Blink             |       |     2 |       ||     2
       Call Imp          |       |       |     1 ||     1
 Stab: Confused          |       |     3 |       ||     3
Armor: Robe              |     3 |     3 |     1 ||     7
       Skin              |       |     1 |       ||     1
Dodge: Dodged            |    13 |    20 |    15 ||    48

Table legend: (Time is in decaauts)
 A = Elapsed time spent in this place.
 B = Non-inter-level travel time spent in this place.
 C = Inter-level travel time spent in this place.
 D = Time resting spent in this place.
 E = Time spent auto-exploring this place.
 F = Levels seen in this place.
 G = Mean time per level.
                   A        B        C        D        E       F      G
               +--------+--------+--------+--------+--------+-----+--------+
         Total |   4811 |   4594 |    217 |    461 |   3379 |   4 | 1202.8 |
       Dungeon |   4811 |   4594 |    217 |    461 |   3379 |   4 | 1202.8 |
               +--------+--------+--------+--------+--------+-----+--------+

Top non-repeatable levels by time:
     D:3: 1589 daAuts
     D:2: 1266 daAuts
     D:1: 1248 daAuts
     D:4: 706 daAuts
